 Dungeon Crawl Stone Soup version 0.18.1-47-g9310371 (webtiles) character file.

3740 Shtopit the Blocker (level 9, -8/69 HPs)
             Began as a Demonspawn Fighter on June 15, 2016.
             Was a Believer of Makhleb.
             Killed from afar by a lindwurm (41 damage)
             ... with a blast of flame
             ... on level 8 of the Dungeon.
             The game lasted 00:28:03 (7867 turns).

Shtopit the Blocker (Demonspawn Fighter)            Turns: 7867, Time: 00:28:05

Health: -8/69      AC: 19    Str: 28    XL:     9   Next: 93%
Magic:  9/9        EV:  6    Int:  4    God:    Makhleb [**....]
Gold:   378        SH: 12    Dex: 13    Spells: 0 memorised, 8 levels left

rFire  . . .     SeeInvis .     R - +1 long sword (flame)
rCold  + . .     Gourm    .     l - +0 plate armour
rNeg   + . .     Faith    .     c - +0 shield
rPois  .         Spirit   .     e - +2 hat
rElec  .         Dismiss  .     (no cloak)
rCorr  .         Reflect  .     s - +0 pair of gloves
SustAt +         Harm     .     (no boots)
MR     .....                    (no amulet)
Stlth  ..........               U - ring of positive energy
                                G - ring of Yvvepseh {SustAt rC+ Str+8 Int-5}

@: not resistant to hostile enchantments, extremely unstealthy
A: hooves 2, molten scales 2, demonic guardian 2, powered by death 1
a: Minor Destruction, Renounce Religion


You were on level 8 of the Dungeon.
You worshipped Makhleb.
Makhleb was pleased with you.
You were not hungry.

You visited 2 branches of the dungeon, and saw 9 of its levels.

You collected 508 gold pieces.
You spent 130 gold pieces at shops.

Inventory:

Hand Weapons
 a - a +0 long sword
 H - a +0 scimitar
 Q - the +4 mace of Conflict {drain, +Rage, unknown}
   (You found it on level 7 of the Dungeon)

   A truly terrible weapon, it drains the life of those it strikes.
   It lets you go berserk.
 R - a +1 long sword of flaming (weapon)
 W - the cursed +0 trident "Titzubef" {pierce, Str+6, unknown}
   (You found it on level 7 of the Dungeon)

   It inflicts extra damage upon your enemies.
   It affects your strength (+6).
   It has a curse placed upon it.
Missiles
 b - 19 poisoned needles
 D - 31 bolts
 S - 13 curare-tipped needles
 T - 60 sling bullets
Armour
 c - a +0 shield (worn)
 e - a +2 hat (worn)
 l - a +0 plate armour (worn)
 s - a +0 pair of gloves (worn)
Jewellery
 n - an uncursed ring of magical power
 w - a +2 ring of strength
 G - the ring of Yvvepseh (left hand) {SustAt rC+ Str+8 Int-5}
   (You found it on level 5 of the Dungeon)

   [ring of sustain attributes]

   It sustains your strength, intelligence and dexterity.
   It affects your strength (+8).
   It affects your intelligence (-5).
   It protects you from cold.
 N - an uncursed ring of fire
 U - a ring of positive energy (right hand)
Wands
 y - a wand of flame (13/48)
 X - a wand of lightning (8/15)
Scrolls
 i - 6 scrolls of teleportation
 j - a scroll of identify
 k - 3 scrolls of fear
 p - 6 scrolls of remove curse
 t - 4 scrolls of enchant weapon
 A - a scroll of magic mapping
 B - 3 scrolls of random uselessness {unknown}
 C - 2 scrolls of immolation {unknown}
 I - 6 scrolls of recharging {unknown}
 Z - a scroll of fog
Potions
 d - 2 potions of might
 g - 3 potions of flight {unknown}
 h - 6 potions of curing
 q - 6 potions of heal wounds
 u - 2 potions of degeneration {unknown}
 x - a potion of haste
 z - 2 potions of lignification {unknown}
 E - a potion of magic
 K - 3 potions of mutation {unknown}
 L - a potion of agility {unknown}
 O - a potion of cancellation {unknown}
 V - a potion of berserk rage
 Y - a potion of ambrosia {unknown}
Comestibles
 f - 5 bread rations
 m - 2 slices of pizza
 o - 5 fruits
 r - a royal jelly
 v - 6 meat rations
 F - 2 beef jerkies
 J - 5 chunks of flesh


   Skills:
 + Level 6.1 Fighting
 + Level 6.7 Long Blades
 + Level 6.6 Armour
 + Level 2.4 Dodging
 + Level 0.6 Stealth
 + Level 8.2 Shields


You had 8 spell levels left.
You didn't know any spells.

Dungeon Overview and Level Annotations

Branches:
Dungeon (8/15)             Temple (1/1) D:6
   Lair: D:8-11

Altars:
Ashenzari
Dithmenos
Fedhas
Gozag
Kikubaaqudgha
Makhleb
Nemelex Xobeh
Pakellas
Qazlal
Sif Muna
Xom
The Shining One

Shops:
D:6 %   D:7 !


Innate Abilities, Weirdness & Mutations

You have hoof-like feet.
You are mostly covered in molten scales (AC +3, EV -1).
A demonic guardian rushes to your aid.
You regenerate a little health from kills.


Message History

The lindwurm roars! x2
A lindwurm comes into view.
A blast of flame appears from out of your range of vision.
The blast of flame hits your smoke demon.
Your smoke demon resists.
A lindwurm comes into view.
The lindwurm moves out of view.
The lindwurm breathes flames at you.
The blast of flame hits your smoke demon.
Your smoke demon resists.
Your smoke demon gestures at the lindwurm.
The ball of steam hits the lindwurm.
Your smoke demon disappears in a puff of smoke!
The lindwurm breathes flames at you. The blast of flame hits you!
Ouch! That really hurt!
The lindwurm breathes flames at you. The blast of flame hits you!
Ouch! That really hurt!
You die...

≈≈≈≈≈..####..§§§≈§..#
≈≈≈≈≈...##...§§≈§§..# #
.≈≈≈≈≈≈kkkk≈§≈≈§≈≈..# #
.§≈≈§≈§≈§§≈§≈≈§§§≈..# #
.≈≈≈≈≈≈≈≈§≈§≈≈≈§§..# #
..≈§≈≈≈≈§§§§≈≈≈....# #
....§≈≈≈≈≈≈≈≈≈§...# #
#...§.4@≈≈≈≈≈§...#######
##.....4....§...........
#.......3....§.########
################ #


You could see 3 lindwurms, 2 friendly sixfirhies and a friendly smoke demon.

Vanquished Creatures
  A yak (D:8)
  3 orc warriors
  A sky beast (D:8)
  3 necrophages
  An ogre (D:6)
  2 phantoms
  4 centaurs
  A big kobold (D:7)
  3 giant frogs
  A killer bee (D:7)
  A scorpion (D:4)
  2 jellies
  A howler monkey (D:8)
  A centaur zombie (D:7)
  3 orc priests (D:4)
  2 giant frog skeletons (D:4)
  3 hounds
  Terence (D:2)
  An iguana (D:8)
  5 orc wizards
  9 worker ants
  A killer bee zombie (D:6)
  A hound skeleton (D:6)
  4 gnolls (D:3)
  11 adders
  An adder skeleton (D:7)
  2 worms (D:3)
  4 dart slugs
  3 giant geckos
  34 orcs
  2 ball pythons
  10 bats
  9 giant cockroaches
  7 goblins
  5 hobgoblins
  14 jackals
  3 quokkas
  6 giant newts
  12 kobolds
  A quokka skeleton (D:7)
  10 rats
189 creatures vanquished.

Vanquished Creatures (collateral kills)
  4 yaks (D:8)
  Duvessa (D:4)
  An ice beast (D:3)
  An ogre (D:6)
  A black bear (D:3)
  3 centaurs
  A crocodile (D:7)
  Dowan (D:4)
  4 killer bees (D:7)
  2 howler monkeys (D:8)
  A centaur zombie (D:7)
  A crimson imp (D:7)
  A giant frog zombie (D:7)
  2 hounds
  3 orc wizards
  A worker ant (D:3)
  A worm (D:6)
  3 orcs (D:3)
  A ball python (D:3)
33 creatures vanquished.

Grand Total: 222 creatures vanquished

Notes
Turn   | Place    | Note
--------------------------------------------------------------
     0 | D:1      | Shtopit the Demonspawn Fighter began the quest for the Orb.
     0 | D:1      | Reached XP level 1. HP: 18/18 MP: 1/1
   231 | D:1      | Gained mutation: A weak demonic guardian rushes to your aid. [demonic ancestry]
   231 | D:1      | Reached XP level 2. HP: 18/24 MP: 2/2
   549 | D:2      | Reached skill level 3 in Shields
   665 | D:3      | Gained mutation: You have large cloven feet. [demonic ancestry]
   665 | D:3      | Reached XP level 3. HP: 10/29 MP: 3/3
   933 | D:3      | Gained mutation: You are partially covered in molten scales (AC +1). [demonic ancestry]
   933 | D:3      | Reached XP level 4. HP: 27/35 MP: 4/4
  1694 | D:3      | Gained mutation: A demonic guardian rushes to your aid. [demonic ancestry]
  1694 | D:3      | Reached XP level 5. HP: 19/41 MP: 5/5
  1892 | D:3      | Found a stormy altar of Qazlal.
  2150 | D:3      | Noticed an ice beast
  2153 | D:3      | Killed an ice beast
  2402 | D:2      | Reached skill level 4 in Shields
  2666 | D:2      | Noticed Terence
  2675 | D:2      | Killed Terence
  2675 | D:2      | Gained mutation: You regenerate a little health from kills. [demonic ancestry]
  2675 | D:2      | Reached XP level 6. HP: 47/48 MP: 6/6
  3209 | D:3      | Reached skill level 1 in Dodging
  3468 | D:4      | Noticed Duvessa
  3468 | D:4      | Noticed Dowan
  3474 | D:4      | Killed Duvessa
  3474 | D:4      | Reached skill level 5 in Shields
  3474 | D:4      | Reached XP level 7. HP: 54/54 MP: 7/7
  3474 | D:4      | Killed Dowan
  3818 | D:4      | Found an opulent altar of Gozag.
  4098 | D:4      | Found a sparkling altar of Nemelex Xobeh.
  4167 | D:5      | Entered Level 5 of the Dungeon
  4465 | D:5      | Gained mutation: You are mostly covered in molten scales (AC +3, EV -1). [demonic ancestry]
  4465 | D:5      | Reached XP level 8. HP: 61/61 MP: 8/8
  4564 | D:5      | Got a smoking tin ring
  4946 | D:5      | Reached skill level 6 in Shields
  5139 | D:6      | Reached skill level 5 in Armour
  5894 | D:6      | Found Jymeil's Food Boutique.
  5920 | D:6      | Found a staircase to the Ecumenical Temple.
  5926 | Temple   | Entered the Ecumenical Temple
  5934 | Temple   | Became a worshipper of Makhleb the Destroyer
  6026 | D:6      | Reached skill level 5 in Long Blades
  6126 | D:6      | Found a deep blue altar of Sif Muna.
  6396 | D:7      | Reached skill level 5 in Fighting
  6418 | D:7      | Got a smoking mace
  6590 | D:7      | Found Soamul's Distillery.
  6594 | D:7      | Bought a potion of heal wounds for 65 gold pieces
  6594 | D:7      | Bought a potion of berserk rage for 65 gold pieces
  6611 | D:7      | Reached skill level 7 in Shields
  6722 | D:7      | Got a bone trident
  6738 | D:7      | Gained mutation: You have hoof-like feet. [demonic ancestry]
  6738 | D:7      | Reached XP level 9. HP: 55/68 MP: 9/9
  6750 | D:7      | Reached * piety under Makhleb
  7196 | D:7      | Identified the ring of Yvvepseh {SustAt rC+ Str+8 Int-5} (You found it on level 5 of the Dungeon)
  7364 | D:8      | Reached ** piety under Makhleb
  7367 | D:8      | Found a shattered altar of Ashenzari.
  7556 | D:8      | Reached skill level 8 in Shields
  7841 | D:8      | Noticed a lindwurm
  7841 | D:8      | Noticed a lindwurm
  7843 | D:8      | Noticed a lindwurm
  7848 | D:8      | Noticed a lindwurm
  7867 | D:8      | Killed from afar by a lindwurm

Skill      XL: |  1  2  3  4  5  6  7  8  9 |
---------------+----------------------------+-----
Shields        | 3 4 5 7 8 |  8.2
Long Blades    | 2 3 4 5 6 |  6.7
Armour         | 3 4 5 6 |  6.6
Dodging        | 1 2 |  2.4
Fighting       | 4 5 6 |  6.1
Stealth        | |  0.6

Action                   |  1- 3 |  4- 6 |  7- 9 || total
-------------------------+-------+-------+-------++-------
Melee: Long sword        |   101 |   357 |   420 ||   878
       Kick              |     2 |    87 |   157 ||   246
       Scimitar          |       |       |    66 ||    66
  Use: Scroll            |       |       |    12 ||    12
  Eat: Chunk             |       |     9 |    15 ||    24
Armor: Scale mail        |    17 |       |       ||    17
       Plate armour      |    45 |   378 |   305 ||   728
Dodge: Dodged            |    17 |    60 |    92 ||   169
Block: Shield            |    46 |   262 |   304 ||   612
